 Dungeon Crawl Stone Soup version 0.20-a0-871-g785f14b (webtiles) character file.

87 qpzil the Cudgeler (level 4, -1/39 HPs)
             Began as a Minotaur Berserker on Mar 14, 2017.
             Was a Believer of Trog.
             Slain by Grinder (7 damage)
             ... on level 3 of the Dungeon.
             The game lasted 00:04:35 (1278 turns).

qpzil the Cudgeler (Minotaur Berserker)             Turns: 1278, Time: 00:04:36

Health: -1/39      AC:  2    Str: 23    XL:     4   Next: 28%
Magic:  3/3        EV: 12    Int:  4    God:    Trog [**....]
Gold:   81         SH:  0    Dex:  9    Spells: 3/3 levels left

rFire    . . .     SeeInvis .   a - +0 mace
rCold    . . .     Gourm    .   b - +0 animal skin
rNeg     . . .     Faith    .   (no shield)
rPois    .         Spirit   .   (helmet restricted)
rElec    .         Reflect  .   (no cloak)
rCorr    .         Harm     .   (no gloves)
MR       .....                  (no boots)
Stlth    +.........             (no amulet)
Regen    0.2/turn               (no ring)
MPRegen  0.1/turn               (no ring)

@: exhausted, slowed, very slow
A: retaliatory headbutt, horns 2
a: Berserk, Trog's Hand, Burn Spellbooks, Renounce Religion


You were on level 3 of the Dungeon.
You worshipped Trog.
Trog was pleased with you.
You were hungry.

You visited 1 branch of the dungeon, and saw 3 of its levels.

You collected 81 gold pieces.

Inventory:

Hand Weapons
 a - a +0 mace (weapon)
Missiles
 o - 2 tomahawks of returning (quivered)
Armour
 b - a +0 animal skin (worn)
Scrolls
 h - 3 scrolls of identify
 i - a scroll of teleportation
 l - a scroll of fog
Potions
 d - a potion of flight {unknown}
 e - a potion of heal wounds {unknown}
 f - 2 potions of berserk rage
 g - a potion of brilliance {unknown}
 k - a potion of degeneration {unknown}
 p - a potion of might
Comestibles
 c - 2 bread rations
 j - 2 fruits
 n - a meat ration


   Skills:
 - Level 3.6 Fighting
 + Level 6.2 Maces & Flails
 - Level 2.4 Armour
 - Level 2.1 Dodging


You had 3 spell levels left.
You didn't know any spells.

Dungeon Overview and Level Annotations

Branches:
Dungeon (3/15)

Altars:

Annotations:
D:3 Grinder


Innate Abilities, Weirdness & Mutations

You reflexively headbutt those who attack you in melee.
You have a pair of horns on your head.


Message History

You resist with significant effort.
You barely miss Grinder. Grinder closely misses you.
A red film seems to cover your vision as you go berserk!
You feel yourself moving faster!
You feel mighty!
You are feeling hungry.
Grinder hits you!
* * * LOW HITPOINT WARNING * * *
You writhe in agony.
* * * LOW HITPOINT WARNING * * *
You closely miss Grinder. Your headbutt misses Grinder.
You barely miss Grinder.
Grinder blinks!
You feel a strong urge to attack something.
Grinder blinks!
You feel your anger subside.
You are no longer berserk.
You are exhausted.
You feel yourself slow down. Grinder gestures at you.
You resist with significant effort. Grinder hits you!
You die...

###################
.. .# #.# ######.#
#......# ###########
#......# #..........
+..ยง...# #.########.
##..@...# #.#....)##.
#....5..# #.#.###....
#.#####.###.#.#######
#. #...#.#)....... ..
###.#...######. ..
#.#.#....... ...
.#####.#.........
#.........#.######
#######.#.#...


You could see Grinder.

Vanquished Creatures
  2 adders (D:2)
  An ooze (D:1)
  A worm (D:2)
  2 dart slugs
  A leopard gecko (D:2)
  An orc (D:3)
  10 bats
  3 giant cockroaches
  6 goblins
  2 hobgoblins (D:3)
  6 jackals
  7 kobolds
  7 frilled lizards
  7 rats
56 creatures vanquished.

Notes
Turn   | Place    | Note
-------+----------+-------------------------------------------
     0 | D:1      | qpzil the Minotaur Berserker began the quest for the Orb.
     0 | D:1      | Reached XP level 1. HP: 19/19 MP: 0/0
    56 | D:1      | Reached skill level 4 in Maces & Flails
    77 | D:1      | Reached XP level 2. HP: 22/26 MP: 1/1
   455 | D:1      | Reached skill level 5 in Maces & Flails
   476 | D:1      | Reached XP level 3. HP: 19/31 MP: 2/2
   538 | D:1      | Reached ** piety under Trog
   845 | D:2      | Reached XP level 4. HP: 38/39 MP: 3/3
   858 | D:2      | Reached skill level 6 in Maces & Flails
  1254 | D:3      | Noticed Grinder
  1262 | D:3      | Paralysed by Grinder for 5 turns
  1278 | D:3      | Slain by Grinder

Vault maps used:
D:1:      eino_arrival_druids_welcome
D:2:      hangedman_abyss_or_decor_stabs
D:3:      uniq_crazy_yiuf_cottage, uniq_grinder

Skill      XL: |  1  2  3  4 |
---------------+-------------+-----
Maces & Flails | 4 5 6 |  6.2
Fighting       | |  3.6
Armour         | |  2.4
Dodging        | |  2.1

Action                   |  1- 3 |  4- 6 || total
-------------------------+-------+-------++-------
Melee: Mace              |    67 |    34 ||   101
       Headbutt          |     5 |     4 ||     9
Invok: Berserk           |       |     1 ||     1
  Use: Scroll            |       |     4 ||     4
       Potion            |       |     1 ||     1
 Stab: Sleeping          |     1 |       ||     1
  Eat: Chunk             |       |     1 ||     1
Armor: Animal skin       |    23 |     8 ||    31
Dodge: Dodged            |    65 |    16 ||    81
